 Dungeon Crawl Stone Soup version 0.26.1-11-gd32895ea62 (webtiles) character file.

Game seed: 15616234520693074606

136 Zeld the Sneak (level 5, -2/34 HPs)
             Began as an Octopode Brigand on May 15, 2021.
             Slain by a river rat (6 damage)
             ... in a sewer.
             The game lasted 00:02:45 (2692 turns).

Zeld the Sneak (Octopode Brigand)                   Turns: 2692, Time: 00:02:45

Health: -2/34      AC:  1    Str: 11    XL:     5   Next: 19%
Magic:  8/8        EV: 13    Int: 13    God:
Gold:   120        SH:  0    Dex: 14    Spells: 8/8 levels left

rFire    . . .     SeeInvis .   a - +2 dagger
rCold    . . .     Faith    .   (no shield)
rNeg     . . .     Spirit   .   (helmet restricted)
rPois    .         Reflect  .   (no amulet)
rElec    .         Harm     .   (no ring)
rCorr    .         Rampage  .   (no ring)
Will     .....                  (no ring)
Stlth    ++++......             (no ring)
HPRegen  0.11/turn              (no ring)
MPRegen  0.11/turn              (no ring)
                                (no ring)
                                (no ring)

@: no status effects
A: almost no armour, stealthy swim, amphibious, 8 rings, constrict 8, camouflage
1, gelatinous body 1
a: no special abilities


You were in a sewer.
You visited 1 branch of the dungeon, and saw 3 of its levels.
You also visited: Sewer.

You collected 120 gold pieces.

Inventory:

Hand Weapons
 a - a +2 dagger (weapon)
 q - a +1 dagger of speed
Missiles
 b - 8 poisoned darts (quivered)
 c - 2 curare-tipped darts
Jewellery
 i - a +4 ring of evasion {unknown}
 k - an uncursed amulet of guardian spirit {unknown}
Scrolls
 d - a scroll of identify {unknown}
 e - 2 scrolls of remove curse {unknown}
 j - a scroll of random uselessness {unknown}
 l - 2 scrolls of teleportation {unknown}
 n - 2 scrolls of blinking {unknown}
 o - a scroll of fear {unknown}
Potions
 f - a potion of might {unknown}
 g - a potion of mutation {unknown}
 h - 3 potions of brilliance {unknown}
 m - 2 potions of heal wounds {unknown}
 p - a potion of degeneration {unknown}


   Skills:
 - Level 2.0 Fighting
 - Level 2.0 Short Blades
 * Level 4.4 Throwing
 - Level 1.0 Dodging
 - Level 5.3 Stealth
 + Level 2.2 Spellcasting


You had 8 spell levels left.
You didn't know any spells.
Your spell library was empty.

Dungeon Overview and Level Annotations

Branches:
Dungeon (3/15)              Sewer (1/1)

Altars:
Ashenzari
Kikubaaqudgha
Makhleb
Ru
Sif Muna
Trog
Vehumet
Yredelemnul
The Shining One


Innate Abilities, Weirdness & Mutations

You cannot wear most types of armour.
You are very stealthy in the water. (Stealth+)
You are amphibious.
You can wear up to eight rings at the same time.
You can use your tentacles to constrict eight enemies at once.
Your skin changes colour to match your surroundings (Stealth+).
Your rubbery body absorbs attacks. (AC +1, EV +1)


Message History

You enter a sewer!
A rat and 4 river rats come into view.
Found a gate leading back out of this place.
There is an empty arch of ancient stone here.
There is a gate leading back out of this place here.
The helpless river rat fails to defend itself.
You impale the river rat!!
You kill the river rat!
The river rat bites you!
* * * LOW HITPOINT WARNING * * *
You see here a river rat corpse.
You hit the river rat but do no damage. Your grab misses the river rat.
The river rat bites you.
* * * LOW HITPOINT WARNING * * *
You barely miss the river rat. Your grab misses the river rat.
The river rat barely misses you.
You hit the river rat but do no damage. You grab the river rat.
You constrict the river rat, but do no damage.
The river rat bites you.
You die... ############### #r@..∩.∩.rrr..≈ ###############

You could see a river rat and a rat (asleep).

Vanquished Creatures
  Robin (D:2)
  3 adders
  A river rat (Sewer)
  2 oozes
  4 worms
  A leopard gecko (D:1)
  A ball python (D:1)
  6 bats
  3 giant cockroaches
  11 hobgoblins
  2 jackals (D:2)
  3 frilled lizards
  15 goblins
  7 kobolds
  8 rats
68 creatures vanquished.

Notes
Turn   | Place    | Note
-------+----------+-------------------------------------------
     0 | D:1      | Zeld the Octopode Brigand began the quest for the Orb.
     0 | D:1      | Reached XP level 1. HP: 14/14 MP: 1/1
    43 | D:1      | Reached XP level 2. HP: 14/19 MP: 2/2
   300 | D:1      | Reached skill level 1 in Spellcasting
   437 | D:1      | Reached XP level 3. HP: 24/24 MP: 4/4
  1233 | D:2      | Found a glowing golden altar of the Shining One.
  1233 | D:2      | Found a burning altar of Makhleb.
  1233 | D:2      | Found a basalt altar of Yredelemnul.
  1235 | D:2      | Found a bloodstained altar of Trog.
  1235 | D:2      | Found a broken altar of Ashenzari.
  1237 | D:2      | Found a radiant altar of Vehumet.
  1237 | D:2      | Found a sacrificial altar of Ru.
  1238 | D:2      | Found an ancient bone altar of Kikubaaqudgha.
  1341 | D:2      | Reached XP level 4. HP: 19/29 MP: 6/6
  1486 | D:2      | Found a faded altar of an unknown god.
  1967 | D:2      | Noticed Robin
  2111 | D:2      | Killed Robin
  2468 | D:3      | Found a shimmering blue altar of Sif Muna.
  2657 | D:3      | Reached XP level 5. HP: 22/34 MP: 8/8
  2670 | D:3      | Found a glowing drain.
  2683 | Sewer    | Entered a sewer
  2692 | Sewer    | Slain by a river rat

Illustrated notes

Levels and vault maps discovered:
D:1:      sevenhm_arrival_forest_fort_small_4, layout_basic
D:2:      layout_basic, grunt_temple_overflow_open,
          chequers_ecumenical_altar_lobes, uniq_robin
D:3:      layout_loops_ring, led_sif_pool, portal_sewer_entry_d
Sewer:    sewer_kobolds

Skill      XL: |  1  2  3  4 |
---------------+-------------+-----
Spellcasting   | 1 2 |  2.2
Throwing       | 3 4 |  4.4
Fighting       | |  2.0
Short Blades   | |  2.0
Dodging        | |  1.0
Stealth        | |  5.3

Action                   |  1- 3 |  4- 6 || total
-------------------------+-------+-------++-------
Melee: Dagger            |    71 |    77 ||   148
       Constrict         |    18 |    15 ||    33
       Tentacles         |     8 |    12 ||    20
 Stab: Sleeping          |    13 |    10 ||    23
Armor: Skin              |     5 |     3 ||     8
Dodge: Dodged            |    32 |    44 ||    76
